 Dungeon Crawl Stone Soup version 0.30.0-18-gc0e69614cb (webtiles) character file.

Game seed: 1161488217893163624

12806 foggy the Basher (level 11, -2/89 HPs)
             Began as a Minotaur Fighter on May 24, 2023.
             Was an Elder of Hepliaklqana.
             Slain by a yak (3 damage)
             ... on level 9 of the Dungeon.
             The game lasted 00:32:35 (9738 turns).

foggy the Basher (Minotaur Fighter)                 Turns: 9738, Time: 00:32:35

Health: -2/89      AC: 18    Str: 25    XL:     11   Next: 67%
Magic:  0/10       EV:  7    Int:  5    God:    Hepliaklqana [****..]
Gold:   682        SH: 10    Dex: 10    Spells: 10/10 levels left

rFire   . . .        y - +0 morningstar
rCold   . . .        C - +0 kite shield
rNeg    . . .        B - +0 plate armour
rPois   .            (helmet restricted)
rElec   .            p - +0 cloak
rCorr   .            x - +0 pair of gloves
SInv    +            (no boots)
Will    .....        m - amulet of guardian spirit Stlth
                     a - ring of see invisible
HPRegen 0.34/turn    (no ring)
MPRegen 0.12/turn

%: guardian spirit
@: no status effects
A: reduced essence, horns 2, retaliatory headbutt
a: Renounce Religion, Recall Ancestor, Ancestor Identity, Transference, Idealise


You were on level 9 of the Dungeon.
You worshipped Hepliaklqana.
Hepliaklqana was greatly pleased with you.
You visited 3 branches of the dungeon, and saw 13 of its levels.

You collected 682 gold pieces.

Inventory:

Hand Weapons
 y - a +0 morningstar (weapon)
Missiles
 s - 3 throwing nets (quivered)
Armour
 p - a +0 cloak (worn)
 x - a +0 pair of gloves (worn)
 z - +0 acid dragon scales
 B - a +0 plate armour (worn)
 C - a +0 kite shield (worn)
Jewellery
 a - a ring of see invisible (left hand)
 f - a ring of protection from fire
 j - a ring of wizardry
 m - an amulet of guardian spirit (around neck)
Wands
 c - a wand of digging (8)
 g - a wand of acid (22)
 v - a wand of flame (11)
 w - a wand of paralysis (16)
Scrolls
 b - 3 scrolls of vulnerability
 e - 2 scrolls of identify
 h - 3 scrolls of teleportation
 n - a scroll of enchant armour {unknown}
 t - 2 scrolls of fog
 A - a scroll of fear {unknown}
 E - 2 scrolls of magic mapping
 G - 2 scrolls of blinking
 H - a scroll of acquirement {unknown}
Potions
 d - a potion of might
 i - 3 potions of cancellation
 k - 2 potions of resistance
 l - 4 potions of heal wounds
 o - 6 potions of curing
 q - 2 potions of haste
 r - a potion of brilliance
 u - 2 potions of attraction
 D - 2 potions of lignification
 F - a potion of ambrosia


   Skills:
 + Level 10.0 Fighting
 + Level 14.4 Maces & Flails
 + Level 11.1 Armour
 + Level 2.9 Dodging
 + Level 3.1 Stealth
 + Level 9.4 Shields


You had 10 spell levels left.
You didn't know any spells.
Your spell library contained the following spells:

 Spells                   Type           Power      Damage    Failure   Level
 Sting                    Tmut/Pois      0%         1d3       100%        1
 Poisonous Vapours        Pois/Air       0%         N/A       100%        2
 Call Canine Familiar     Summ           0%         N/A       100%        3
 Dazzling Flash           Conj/Hex       0%         N/A       100%        3
 Portal Projectile        Hex/Tloc       0%         N/A       100%        3
 Leda's Liquefaction      Hex/Erth       0%         N/A       100%        4
 Olgreb's Toxic Radiance  Pois           0%         N/A       100%        4
 Agony                    Necr           0%         N/A       100%        5
 Silence                  Hex/Air        0%         N/A       100%        5


Dungeon Overview and Level Annotations

Branches:
Dungeon (11/15)            Temple (1/1) D:4            Lair (1/5) D:9
    Orc: D:9-12

Altars:
Ashenzari
Cheibriados
Dithmenos
Elyvilon
Fedhas
Gozag
Hepliaklqana
Kikubaaqudgha
Makhleb
Nemelex Xobeh
Okawaru
Qazlal
Ru
Sif Muna
Trog
Uskayaw
Vehumet
Wu Jian
Xom
Yredelemnul
Zin
The Shining One

Annotations:
D:5 Grinder
D:9 safid's ghost, journeyman MfIE


Innate Abilities, Weirdness & Mutations

Your life essence is reduced to manifest your ancestor. (-10% HP)
You have a pair of horns on your head.
You reflexively headbutt those who attack you in melee.


Message History

You hit safid's ghost but do no damage. Your headbutt misses safid's ghost.
Safid's ghost is heavily damaged.
Safid's ghost hits you!
Xochitl hits safid's ghost with a +0 dagger of draining.
The yak gores you!
Xochitl hits safid's ghost but does no damage.
You hit safid's ghost.
You headbutt safid's ghost, but do no damage.
Safid's ghost is heavily damaged.
Safid's ghost hits you!!
* * * LOW HITPOINT WARNING * * *
Xochitl hits safid's ghost with a +0 dagger of draining.
The yak snorts and paws the ground.
The yak gores you but does no damage.
Xochitl hits safid's ghost but does no damage.
You sock safid's ghost!
Safid's ghost is severely damaged.
Safid's ghost hits you but does no damage.
Xochitl hits safid's ghost but does no damage.
The yak gores you but does no damage.
Xochitl closely misses safid's ghost.
You feel much better. Safid's ghost closely misses you.
Xochitl hits safid's ghost but does no damage.
The yak closely misses you. You furiously retaliate!
You headbutt the yak!
Xochitl hits safid's ghost but does no damage.
You hit safid's ghost but do no damage. You headbutt safid's ghost!
Safid's ghost is severely damaged.
Safid's ghost freezes you.
You are frozen!
* * * LOW HITPOINT WARNING * * *
Xochitl hits safid's ghost with a +0 dagger of draining!
The yak gores you but does no damage.
You sock safid's ghost!
Safid's ghost is almost destroyed.
Xochitl completely misses safid's ghost.
Safid's ghost says, "An ice sculpture of you would look very nice here."
Safid's ghost freezes you.
You are frozen!!
* * * LOW HITPOINT WARNING * * *
The yak gores you.
You die...

#......###...####..#......#..
#......##....P###..#......###
#......#.....PP##.>'..[>.....
#......#....PPP##..'..[######
#.............P#...#...#
#.......P.P....#...#...#
#............PP#...#...#
#..####..P..RWP#..##...# #..#
#...P.@.P#..#....# #..#
##.PP..YP#..#....# ### #..#
#.PPPPPP#..#....####..
#..######PPPPP##..#...R......
#......#########..###'#######
#..........# #.............
##.........# #.............
#.........# #.............
#.........# #.............


You could see the friendly Xochitl the hexer, a yak and safid's ghost (ally
target).

Vanquished Creatures
  A cyclops (D:9)
  A black mamba (Lair:1)
  Joseph (D:7)
  A gargoyle (D:10)
  2 cane toads (Lair:1)
  A komodo dragon (D:9)
  A polar bear (Lair:1)
  4 hornets
  4 blink frogs
  Prince Ribbit (D:6)
  A vampire (D:9)
  12 yaks
  2 wraiths (D:10)
  A steam dragon (Lair:1)
  2 acid dragons (D:10)
  2 water moccasins
  2 orc warriors
  An ice beast (D:5)
  2 black bears (D:5)
  4 centaurs
  2 ogres (D:5)
  A phantom (D:3)
  Blork the orc (D:5)
  3 kobold brigands
  2 gnoll sergeants
  3 scorpions
  5 wights (D:8)
  8 killer bees
  A hound (D:5)
  6 orc priests
  A gnoll bouda (D:5)
  Crazy Yiuf (D:2)
  A jelly (D:6)
  An iguana (D:5)
  3 orc wizards
  14 gnolls
  7 adders
  A shadow imp (D:6)
  A white imp (D:5)
  A worm (D:3)
  2 dart slugs
  32 orcs
  8 bats
  11 endoplasms
  2 giant cockroaches
  3 goblins
  6 hobgoblins
  25 kobolds
  5 quokkas
  10 ball pythons
  4 frilled lizards
  9 rats
226 creatures vanquished.

Vanquished Creatures (collateral kills)
  A rime drake (Lair:1)
  2 blink frogs (Lair:1)
  6 yaks
  A steam dragon (D:10)
  A water moccasin (Lair:1)
  2 orc warriors
  A sky beast (D:8)
  A black bear (D:7)
  An ogre (D:11)
  2 kobold brigands (D:8)
  A gnoll sergeant (D:10)
  3 bullfrogs (D:9)
  2 killer bees
  3 howler monkeys
  An electric eel (D:10)
  A hound (D:6)
  A jelly (D:6)
  2 orc priests
  A sleepcap (D:6)
  3 orc wizards
  3 gnolls
  A shadow imp (D:8)
  7 orcs
  7 kobolds
54 creatures vanquished.

Vanquished Creatures (others)
  3 hexers
  An ancestor (D:6)
4 creatures vanquished.

Grand Total: 284 creatures vanquished

Notes
Turn   | Place    | Note
-------+----------+-------------------------------------------
     0 | D:1      | foggy the Minotaur Fighter began the quest for the Orb.
     0 | D:1      | Reached XP level 1. HP: 19/19 MP: 0/0
   131 | D:1      | Reached XP level 2. HP: 16/27 MP: 1/1
   350 | D:1      | Reached XP level 3. HP: 29/33 MP: 2/2
   814 | D:2      | Reached skill level 3 in Maces & Flails
   853 | D:2      | Reached XP level 4. HP: 37/40 MP: 3/3
   866 | D:2      | Reached skill level 1 in Dodging
  1082 | D:2      | Reached skill level 4 in Maces & Flails
  1276 | D:2      | Found a runed translucent door.
  1277 | D:2      | Noticed Crazy Yiuf
  1282 | D:2      | Killed Crazy Yiuf
  1283 | D:2      | Reached skill level 5 in Armour
  1283 | D:2      | Reached XP level 5. HP: 46/46 MP: 4/4
  1525 | D:3      | Reached skill level 5 in Maces & Flails
  1646 | D:3      | Noticed a phantom
  1658 | D:3      | Killed a phantom
  1659 | D:3      | Reached XP level 6. HP: 51/53 MP: 5/5
  2653 | D:4      | Found a staircase to the Ecumenical Temple.
  2667 | Temple   | Entered the Ecumenical Temple
  2714 | Temple   | Became a worshipper of Hepliaklqana the Forgotten
  2805 | D:4      | Found a white marble altar of Elyvilon.
  2979 | D:5      | Entered Level 5 of the Dungeon
  3119 | D:5      | Noticed Prince Ribbit
  3119 | D:5      | Noticed Grinder
  3170 | D:6      | Killed Prince Ribbit
  3171 | D:6      | Reached skill level 6 in Maces & Flails
  3171 | D:6      | Reached XP level 7. HP: 40/60 MP: 4/6
  3310 | D:5      | Reached * piety under Hepliaklqana
  3506 | D:5      | Reached skill level 5 in Fighting
  3591 | D:5      | Found a glowing silver altar of Zin.
  3657 | D:5      | Reached skill level 7 in Maces & Flails
  3919 | D:5      | Reached skill level 5 in Shields
  3925 | D:5      | Reached XP level 8. HP: 58/62 MP: 7/7
  4067 | D:5      | Noticed Blork the orc
  4072 | D:5      | Killed Blork the orc
  4090 | D:5      | Reached skill level 8 in Maces & Flails
  4455 | D:6      | Found an opulent altar of Gozag.
  4834 | D:6      | Found a bloodstained altar of Trog.
  4841 | D:6      | Reached skill level 9 in Maces & Flails
  4841 | D:6      | Found a sacrificial altar of Ru.
  4848 | D:6      | Found a shimmering blue altar of Sif Muna.
  4850 | D:6      | Found a hide-covered altar of Uskayaw.
  4850 | D:6      | Found a burning altar of Makhleb.
  4879 | D:6      | Reached ** piety under Hepliaklqana
  5006 | D:6      | Remembered your ancestor Xochitl as a hexer
  5140 | D:7      | Reached XP level 9. HP: 67/69 MP: 8/8
  5177 | D:7      | Noticed Joseph
  5192 | D:7      | Killed Joseph
  5193 | D:7      | Reached skill level 10 in Maces & Flails
  5193 | D:7      | Reached skill level 1 in Stealth
  5647 | D:8      | Reached skill level 11 in Maces & Flails
  6145 | D:8      | Reached XP level 10. HP: 72/77 MP: 9/9
  6508 | D:9      | Noticed a cyclops
  6514 | D:9      | Killed a cyclops
  6589 | D:9      | Reached skill level 12 in Maces & Flails
  6828 | D:9      | Reached *** piety under Hepliaklqana
  6834 | D:9      | Reached skill level 10 in Armour
  7078 | D:9      | Found a staircase to the Lair.
  7349 | D:10     | Entered Level 10 of the Dungeon
  7349 | D:10     | Noticed a gargoyle
  7746 | D:10     | Killed a gargoyle
  7752 | D:10     | Reached skill level 13 in Maces & Flails
  7752 | D:10     | Reached XP level 11. HP: 75/85 MP: 10/10
  8238 | D:11     | Noticed an orc knight
  8329 | Lair:1   | Entered Level 1 of the Lair of Beasts
  8594 | Lair:1   | Noticed a minotaur
  8594 | Lair:1   | Noticed safid's ghost (journeyman MfIE)
  8743 | Lair:1   | Reached skill level 14 in Maces & Flails
  8877 | Lair:1   | Found a runed translucent gate.
  8877 | Lair:1   | Found a runed translucent gate.
  8878 | Lair:1   | Found a runed translucent gate.
  9040 | Lair:1   | Reached **** piety under Hepliaklqana
  9315 | Lair:1   | Reached skill level 10 in Fighting
  9738 | D:9      | HP: 1/89 [frozen (23)]
  9738 | D:9      | Slain by a yak

Illustrated notes

Levels and vault maps discovered:
D:1:      nagdon_arrival_double_spiral, layout_loops_ring
D:2:      minmay_angry_zag, layout_basic, minmay_liquid_box,
          uniq_crazy_yiuf_cottage
D:3:      layout_rooms, minmay_fractal_squares_5
D:4:      nicolae_cairo_tiling_large_dashed, layout_basic, kennysheep_mini,
          minmay_temple_entry_tees
D:5:      minmay_razor_zed, layout_rooms,
          mainiacjoe_overflow_concentric_impassable, serial_corexii_hall,
          corexii_hall_statues_l, corexii_hall_statues_x,
          minmay_misc_feat_nine_boxes, reono_crystal_passage, uniq_grinder,
          uniq_prince_ribbit1, uniq_blork_the_orc
D:6:      layout_cave_pods, grunt_temple_overflow_open,
          nicolae_gozag_seed_capital
D:7:      layout_rooms, minmay_misc_feat_x, uniq_joseph
D:8:      layout_basic
D:9:      layout_irregular_city, david_lair_shrubbed
D:10:     layout_small_grid, minmay_misc_feat_ornament, minivault_14
D:11:     layout_roguey [special_room_orc], serial_curves, eino_curves_01,
          eino_curves_03, eino_curves_02, xom_teletrap_fun
Temple:   nicolae_temple_ecumenical_triangle
Lair:1:   layout_cave_pods, maelrawn_ghost_gauntlet_escape,
          infiniplex_staircase_pool_2, grunt_megastairs_5

Skill      XL: |  1  2  3  4  5  6  7  8  9 10 11 |
---------------+----------------------------------+-----
Armour         | 4 5 6 7 9 10 11 | 11.1
Fighting       | 4 5 6 7 8 10 | 10.0
Shields        | 4 5 6 7 8 9 |  9.4
Maces & Flails | 3 4 5 6 7 9 11 13 14 | 14.4
Dodging        | 1 2 |  2.9
Stealth        | 1 2 3 |  3.1

Action                     |  1- 3 |  4- 6 |  7- 9 | 10-12 || total
---------------------------+-------+-------+-------+-------++-------
  Melee: Flail             |    70 |   121 |       |       ||   191
         Headbutt          |    10 |    24 |    36 |    45 ||   115
         Morningstar       |       |    29 |   200 |   235 ||   464
 Invoke: Ancestor Life: He |       |       |     1 |       ||     1
         Recall Ancestor   |       |       |       |     2 ||     2
  Evoke: Wand              |       |       |       |     1 ||     1
    Use: Scroll            |       |     5 |     9 |     2 ||    16
         Potion            |       |       |     1 |     1 ||     2
   Stab: Confused          |       |       |     3 |     4 ||     7
         Distracted        |       |       |     2 |     1 ||     3
         Paralysed         |       |       |       |     1 ||     1
 Armour: Scale mail        |    11 |       |       |       ||    11
         Ring mail         |    17 |    67 |       |       ||    84
         Plate armour      |       |       |   139 |   130 ||   269
  Dodge: Dodged            |    37 |    71 |    66 |    84 ||   258
  Block: Buckler           |    17 |    38 |       |       ||    55
         Kite shield       |       |       |    95 |   109 ||   204
